 Dungeon Sprint DCSS version 0.27-a0-1154-gfdeffcb720 (webtiles) character file.

Game seed: 4823657109715340018

7500000 Zeld the Intangible (level 27, -38/224 HPs)
             Began as an Octopode Gladiator on May 14, 2021.
             Was the Champion of Makhleb.
             Annihilated by The Servant
             ... wielding a +9 glaive of flaming
              (127 damage)
             ... in the Dungeon (Sprint VIII: "Arena of Blood").
             The game lasted 00:03:44 (75 turns).

Zeld the Intangible (Octopode Gladiator)              Turns: 75, Time: 00:03:45

Health: -38/224    AC:  1    Str: 23    XL:     27
Magic:  30/54      EV: 28    Int: 12    God:    Makhleb [******]
Gold:   0          SH:  0    Dex: 15    Spells: 80/80 levels left

rFire    . . .     SeeInvis .   i - +∞ Axe of Woe
rCold    . . .     Faith    .   (shield currently unavailable)
rNeg     . . .     Spirit   .   a - +0 hat
rPois    .         Reflect  .   (no amulet)
rElec    .         Harm     .   j - +30 ring of slaying
rCorr    .         Rampage  .   b - +30 ring of slaying
Will     ++...     NoTele   +   k - +30 ring of slaying
Stlth    ++++++++++             l - +200 ring of slaying
HPRegen  0.47/turn              (no ring)
MPRegen  0.34/turn              (no ring)
                                (no ring)
                                (no ring)

@: no status effects
A: almost no armour, amphibious, 8 rings, camouflage 1, gelatinous body 1,
(nimble swimmer 1), tentacles
a: Renounce Religion, Minor Destruction, Lesser Servant of Makhleb, Major
Destruction, Greater Servant of Makhleb


You were in the Dungeon.
You worshipped Makhleb.
Makhleb was exalted by your worship.
You visited 1 branch

Inventory:

Hand Weapons
 i - the +∞ Axe of Woe (weapon)
   (You found it in the Dungeon)
Armour
 a - a +0 hat (worn)
Jewellery
 b - a +30 ring of slaying (right tentacle)
 j - a +30 ring of slaying (left tentacle)
 k - a +30 ring of slaying (on tentacle)
 l - a +200 ring of slaying (on tentacle)
 m - a +30 ring of slaying
 n - a +30 ring of slaying
 o - a +30 ring of slaying
 p - a +30 ring of slaying
Scrolls
 h - a scroll of blinking
Potions
 c - a potion of curing
 d - a potion of heal wounds
 e - a potion of haste
 f - 2 potions of magic
 g - a potion of berserk rage


   Skills:
 O Level 27 Fighting
 * Level 24.9(27) Short Blades
 * Level 24.9(27) Long Blades
 O Level 27 Axes
 O Level 27 Maces & Flails
 O Level 27 Polearms
 O Level 27 Staves
 O Level 27 Slings
 * Level 24.8 Bows
 * Level 24.8 Crossbows
 O Level 27 Throwing
 O Level 27 Dodging
 O Level 27 Stealth
 * Level 24.8 Shields
 O Level 27 Unarmed Combat
 O Level 27 Spellcasting
 * Level 25.0 Conjurations
 * Level 24.9 Hexes
 * Level 25.0 Summonings
 * Level 25.0 Necromancy
 * Level 24.8 Translocations
 * Level 24.9 Transmutations
 * Level 25.0 Fire Magic
 * Level 24.9 Ice Magic
 * Level 24.8 Air Magic
 * Level 24.8 Earth Magic
 O Level 27 Poison Magic
 O Level 27 Invocations
 * Level 26.7 Evocations


You had 80 spell levels left.
You didn't know any spells.
Your spell library was empty.

Dungeon Overview and Level Annotations

Branches:
Dungeon (1/1)

Altars:
Makhleb

Annotations:
D The Servant


Innate Abilities, Weirdness & Mutations

You cannot wear most types of armour.
You are amphibious.
You can wear up to eight rings at the same time.
Your skin changes colour to match your surroundings (Stealth+).
Your rubbery body absorbs attacks. (AC +1, EV +1)
((You are camouflaged near water. (Stealth+)))
You have tentacles for arms and can constrict up to eight enemies at once.


Message History

You butcher the meat berserker messily.
You kill the meat berserker!
Makhleb accepts your kill.
You feel better.
You hear a shout! x4
A meat berserker comes into view. It is wielding a +9 battleaxe.
You hear a shout! x2
The Servant is engulfed in blazing flames.
The Servant hits you from afar with a +9 glaive of flaming!!!!!
Ouch! That really hurt!
* * * LOW HITPOINT WARNING * * *
The Servant burns you.
* * * LOW HITPOINT WARNING * * *
A meat berserker comes into view. It is wielding a +9 battleaxe.
A dread comes into view.
You hear a shout! x2
Your Conjurations skill increases to level 25!
Your Summonings skill increases to level 25!
Your Necromancy skill increases to level 25!
Your Fire Magic skill increases to level 25!
Unknown command.
You are too injured to fight recklessly!
Unknown command.
You dice the meat berserker like an onion!!!!!
You hew the meat berserker savagely.
You kill the meat berserker!
Makhleb accepts your kill.
You feel better.
You dice the meat berserker like an onion!!!
You dissect the meat berserker like a pig carcass.
You kill the meat berserker!
Makhleb accepts your kill.
You feel better.
You hear a shout!
A destroyer comes into view. It is wielding a +9 vorpal great sword.
You hear a shout! x2
The Servant is engulfed in blazing flames.
The Servant hits you from afar with a +9 glaive of flaming!!!!
Ouch! That really hurt!
You die...

..... o.. #...
..# . #... ..#
. ..###...
..###..
......###......
.....○°°)......
#§)@))# #_○<)_#
#.)@).#
......)_)....V.
......###W...O.
..###...
..###.. . #W..
..# . #... ..#
O.... .O. .. ..


You could see The Servant, a destroyer, 2 dreads and 2 meat berserkers.

Vanquished Creatures
  2 hell beasts (D)
  2 royal mummies (D)
  5 vampire knights (D)
  17 ogres (D)
  4 two-headed ogres (D)
  2 liches (D)
  31 orcs (D)
  3 skeletal warriors (D)
66 creatures vanquished.

Notes
Turn   | Place    | Note
-------+----------+-------------------------------------------
     0 | D        | Found the +∞ Axe of Woe
     0 | D        | Zeld the Octopode Gladiator began the quest for the Orb.
     0 | D        | Reached XP level 1. HP: 14/14 MP: 1/1
     2 | D        | Noticed a bag of meat
     4 | D        | Became a worshipper of Makhleb the Destroyer
     5 | D        | Noticed a bag of meat
     7 | D        | Killed a bag of meat
     7 | D        | Noticed a bag of meat
     8 | D        | Reached XP level 2. HP: 19/19 MP: 2/2
     8 | D        | Reached XP level 3. HP: 24/24 MP: 3/3
     8 | D        | Reached XP level 4. HP: 29/29 MP: 4/4
     8 | D        | Reached XP level 5. HP: 34/34 MP: 5/5
     8 | D        | Reached XP level 6. HP: 39/39 MP: 6/6
     8 | D        | Reached XP level 7. HP: 45/45 MP: 7/7
     8 | D        | Reached XP level 8. HP: 50/50 MP: 8/8
     8 | D        | Reached XP level 9. HP: 54/54 MP: 9/9
     8 | D        | Reached XP level 10. HP: 60/60 MP: 10/10
     8 | D        | Reached XP level 11. HP: 64/64 MP: 11/11
     8 | D        | Reached XP level 12. HP: 70/70 MP: 12/12
    11 | D        | Noticed a bag of meat
    11 | D        | Noticed a bag of meat
    14 | D        | Killed a bag of meat
    14 | D        | Reached * piety under Makhleb
    14 | D        | Noticed a bag of meat
    15 | D        | Reached XP level 13. HP: 74/74 MP: 13/13
    16 | D        | Noticed a bag of meat
    18 | D        | Killed a bag of meat
    18 | D        | Noticed a meat berserker
    19 | D        | Reached XP level 14. HP: 81/81 MP: 14/14
    19 | D        | Noticed a bag of meat
    21 | D        | Killed a bag of meat
    21 | D        | Noticed a destroyer
    21 | D        | Noticed a bag of meat
    22 | D        | Noticed a destroyer
    22 | D        | Noticed a bag of meat
    22 | D        | Noticed a meat berserker
    23 | D        | Killed a bag of meat
    23 | D        | Reached ** piety under Makhleb
    23 | D        | Killed a meat berserker
    24 | D        | Reached skill level 27 in Axes
    24 | D        | Reached skill level 27 in Dodging
    24 | D        | Reached XP level 15. HP: 123/123 MP: 15/15
    24 | D        | Reached XP level 16. HP: 130/130 MP: 16/16
    24 | D        | Noticed a meat berserker
    25 | D        | Noticed a large bag of meat
    25 | D        | Noticed a meat berserker
    27 | D        | Killed a meat berserker
    28 | D        | Killed a destroyer
    28 | D        | Reached *** piety under Makhleb
    28 | D        | Noticed a large bag of meat
    29 | D        | Reached skill level 27 in Fighting
    29 | D        | Reached XP level 17. HP: 156/156 MP: 17/17
    29 | D        | HP: 6/156 [meat berserker/+9 battleaxe (72)]
    30 | D        | Killed a meat berserker
    30 | D        | Reached **** piety under Makhleb
    30 | D        | Killed a destroyer
    30 | D        | Killed a meat berserker
    31 | D        | Reached skill level 27 in Maces & Flails
    31 | D        | Reached skill level 27 in Polearms
    31 | D        | Reached XP level 18. HP: 103/163 MP: 18/18
    31 | D        | Reached XP level 19. HP: 108/170 MP: 19/19
    31 | D        | Reached XP level 20. HP: 112/177 MP: 20/20
    32 | D        | Killed a large bag of meat
    32 | D        | Killed a large bag of meat
    32 | D        | Reached ***** piety under Makhleb
    33 | D        | Reached skill level 27 in Staves
    33 | D        | Noticed a meat berserker
    34 | D        | Noticed a destroyer
    35 | D        | Noticed a large bag of meat
    36 | D        | Noticed a meat berserker
    37 | D        | Reached XP level 21. HP: 110/183 MP: 21/21
    39 | D        | Killed a meat berserker
    40 | D        | Reached skill level 27 in Unarmed Combat
    40 | D        | Killed a destroyer
    41 | D        | Reached XP level 22. HP: 182/190 MP: 22/22
    42 | D        | Reached skill level 27 in Throwing
    42 | D        | Noticed a destroyer
    43 | D        | Killed a large bag of meat
    43 | D        | Reached ****** piety under Makhleb
    44 | D        | Reached XP level 23. HP: 138/197 MP: 23/23
    44 | D        | Noticed an accursed
    45 | D        | Killed a destroyer
    45 | D        | Noticed a destroyer
    46 | D        | Reached skill level 27 in Slings
    46 | D        | Noticed an accursed
    47 | D        | Noticed The Servant
    48 | D        | Reached skill level 27 in Spellcasting
    48 | D        | Reached XP level 24. HP: 196/204 MP: 23/54
    49 | D        | Noticed a large bag of meat
    50 | D        | Reached skill level 27 in Invocations
    50 | D        | Reached skill level 27 in Stealth
    50 | D        | Killed an accursed
    50 | D        | Killed a destroyer
    51 | D        | Reached XP level 25. HP: 106/210 MP: 24/54
    51 | D        | Reached XP level 26. HP: 110/217 MP: 24/54
    52 | D        | Reached skill level 15 in Poison Magic
    53 | D        | Reached skill level 15 in Evocations
    53 | D        | Noticed an accursed
    56 | D        | Killed an accursed
    57 | D        | Reached skill level 15 in Translocations
    57 | D        | Reached skill level 15 in Earth Magic
    57 | D        | Reached XP level 27. HP: 114/224 MP: 26/54
    57 | D        | Noticed a tyrant
    60 | D        | Noticed a meat beast
    61 | D        | Killed a large bag of meat
    61 | D        | Noticed a meat beast
    62 | D        | Noticed a dread
    63 | D        | Killed a meat beast
    65 | D        | Killed a meat beast
    68 | D        | Noticed a tyrant
    69 | D        | Reached skill level 27 in Poison Magic
    70 | D        | Killed a tyrant
    72 | D        | Killed a tyrant
    74 | D        | Noticed a dread
    75 | D        | Noticed a destroyer
    75 | D        | Annihilated by The Servant

Illustrated notes

Levels and vault maps discovered:
D:        meatsprint

Skill      XL: |  1  2  3  4  5  6  7  8  9 10 11 12 13 14 15 16 17 18 19 20 21 22 23 24 25 26 27 |
---------------+----------------------------------------------------------------------------------+-----
Axes           | 19 22 23 27 | 27.0
Dodging        | 19 22 24 27 | 27.0
Fighting       | 18 27 | 27.0
Maces & Flails | 22 27 | 27.0
Polearms       | 27 | 27.0
Staves         | 20 27 | 27.0
Unarmed Combat | 21 27 | 27.0
Throwing       | 26 27 | 27.0
Slings         | 26 27 | 27.0
Spellcasting   | 27 | 27.0
Invocations    | 24 27 | 27.0
Stealth        | 27 | 27.0
Short Blades   | 11 16 24 | 24.9
Long Blades    | 11 16 24 | 24.9
Bows           | 11 16 24 | 24.8
Crossbows      | 11 16 24 | 24.8
Shields        | 11 16 24 | 24.8
Conjurations   | 11 16 25 | 25.0
Hexes          | 11 16 24 | 24.9
Summonings     | 11 16 25 | 25.0
Necromancy     | 11 16 25 | 25.0
Translocations | 11 15 24 | 24.8
Transmutations | 11 16 24 | 24.9
Fire Magic     | 12 16 25 | 25.0
Ice Magic      | 11 16 24 | 24.9
Air Magic      | 11 16 24 | 24.8
Earth Magic    | 11 15 24 | 24.8
Poison Magic   | 13 18 27 | 27.0
Evocations     | 12 17 26 | 26.7

Action                   |  1- 3 |  4- 6 |  7- 9 | 10-12 | 13-15 | 16-18 | 19-21 | 22-24 | 25-27 || total
-------------------------+-------+-------+-------+-------+-------+-------+-------+-------+-------++-------
Melee: Executioner's axe |     1 |       |       |     1 |     3 |     3 |     5 |     6 |    17 ||    36
Dodge: Dodged            |       |       |       |       |       |       |     1 |     2 |     2 ||     5

Table legend: (Time is in decaauts)
 A = Elapsed time spent in this place.
 B = Non-inter-level travel time spent in this place.
 C = Inter-level travel time spent in this place.
 D = Time resting spent in this place.
 E = Time spent auto-exploring this place.
 F = Levels seen in this place.
 G = Mean time per level.
                   A        B        C        D        E       F      G
               +--------+--------+--------+--------+--------+-----+--------+
         Total |     64 |     64 |      0 |      0 |      0 |   1 |   64.0 |
       Dungeon |     64 |     64 |      0 |      0 |      0 |   1 |   64.0 |
               +--------+--------+--------+--------+--------+-----+--------+

Top non-repeatable levels by time:
       D: 64 daAuts
